 Dungeon Crawl Stone Soup version 0.19.1 (webtiles) character file.

194 Gargoyl the Distorting Demonspawn (level 5, 0/41 HPs)
             Began as a Demonspawn Abyssal Knight on Nov 24, 2016.
             Was a Believer of Lugonu.
             Killed from afar by an orc wizard (3 damage)
             ... with a magic dart
             ... on level 3 of the Dungeon.
             The game lasted 00:04:59 (2891 turns).

Gargoyl the Distorting Demonspawn (DsAK)            Turns: 2891, Time: 00:05:00

Health: 0/41       AC:  6    Str: 14    XL:     5   Next: 44%
Magic:  8/8        EV: 14    Int: 13    God:    Lugonu [**....]
Gold:   99         SH:  0    Dex: 12    Spells: 0 memorised, 4 levels left

rFire  . . .     SeeInvis .     a - +1 hand axe
rCold  . . .     Gourm    .     b - +0 leather armour
rNeg   . . .     Faith    .     (no shield)
rPois  .         Spirit   .     l - +0 helmet
rElec  .         Reflect  .     p - +0 cloak
rCorr  .         Harm     .     (no gloves)
MR     .....                    d - +0 pair of boots
Stlth  +.........               (no amulet)
                                (no ring)
                                (no ring)

@: flying
A: repulsion field 2
a: Depart the Abyss, Bend Space, Renounce Religion


You were on level 3 of the Dungeon.
You worshipped Lugonu.
Lugonu was pleased with you.
You were hungry.

You visited 1 branch of the dungeon, and saw 3 of its levels.
You visited the Abyss 1 time.

You collected 99 gold pieces.

Inventory:

Hand Weapons
 a - a +1 hand axe (weapon)
 t - a +2 trident of flaming
Armour
 b - a +0 leather armour (worn)
 d - a +0 pair of boots (worn)
 l - a +0 helmet (worn)
 p - a +0 cloak (worn)
Wands
 r - a wand of random effects (39/48)
Scrolls
 g - a scroll of random uselessness {unknown}
 h - 2 scrolls of remove curse {unknown}
 i - 3 scrolls of identify {unknown}
 j - a scroll of noise {unknown}
 m - a scroll of immolation {unknown}
 q - a scroll of recharging {unknown}
 u - a scroll of teleportation {unknown}
Comestibles
 c - 2 bread rations
 f - a beef jerky


   Skills:
 + Level 3.6 Fighting
 + Level 3.3 Axes
 * Level 2.7 Armour
 + Level 1.4 Dodging
 * Level 4.1 Invocations


You had 4 spell levels left.
You didn't know any spells.

Dungeon Overview and Level Annotations

Branches:
Dungeon (3/15)

Altars:
Dithmenos


Innate Abilities, Weirdness & Mutations

You are surrounded by a moderate repulsion field. (EV +3)


Message History

Something tries to affect you, but you resist.
You hit something but do no damage. You miss something.
An orc wizard appears from thin air!
Reactivating autopickup.
The orc wizard hits you but does no damage.
Something barely misses you.
The orc wizard hits you but does no damage.
Something hits you.
* * * LOW HITPOINT WARNING * * *
Deactivating autopickup; reactivate with Ctrl-A.
You hit the orc wizard.
The orc wizard is almost dead.
You barely miss something.
You are feeling hungry.
The orc wizard casts a spell at you. You resist with some effort.
You hear some strange, mumbled words.
A magic dart appears from out of thin air!
The magic dart hits you!
You die...

## #.# # #.# # ...
. ### #.# ### .#..
. #......... ....
#.#.#.#.# #..#
#.##)o{# #..#
##.###@# #..#
######...##.# #..#
............# #..#
####...####
####..####
######.##
#........#
.........##
#.##>.##.##
#..#####.###.##
#.##....... #..#
#.# ##.#
#.##...#.#. #..# #.
#.#######........#.


You could see an orc wizard.

Vanquished Creatures
  Crazy Yiuf (D:2)
  An orc priest (D:3)
  Jessica (D:2)
  Ijyb (D:2)
  2 adders
  3 dart slugs
  A leopard gecko (D:1)
  5 orcs (D:3)
  A ball python (D:3)
  3 bats
  2 giant cockroaches
  7 goblins
  6 hobgoblins
  4 jackals (D:3)
  3 frilled lizards
  6 kobolds
  7 rats
  A fungus (D:1)
55 creatures vanquished.

Notes
Turn   | Place    | Note
-------+----------+-------------------------------------------
     0 | Abyss:1  | Gargoyl the Demonspawn Abyssal Knight began the quest for the Orb.
     0 | Abyss:1  | Reached XP level 1. HP: 18/18 MP: 2/2
    79 | Abyss:1  | Noticed an Executioner
    79 | D:1      | Escaped the Abyss
   164 | D:1      | Reached * piety under Lugonu
   303 | D:1      | Gained mutation: You are surrounded by a mild repulsion field. (EV +2) [demonic ancestry]
   303 | D:1      | Reached XP level 2. HP: 16/24 MP: 4/4
   525 | D:1      | Reached skill level 3 in Invocations
  1130 | D:2      | Reached XP level 3. HP: 25/29 MP: 5/5
  1369 | D:2      | Reached skill level 1 in Dodging
  1470 | D:2      | Noticed Ijyb
  1494 | D:2      | Killed Ijyb
  1494 | D:2      | Gained mutation: You are surrounded by a moderate repulsion field. (EV +3) [demonic ancestry]
  1494 | D:2      | Reached XP level 4. HP: 25/35 MP: 6/6
  1751 | D:2      | Reached ** piety under Lugonu
  1756 | D:2      | Noticed Jessica
  1765 | D:2      | Killed Jessica
  1994 | D:2      | Found a runed door.
  1998 | D:2      | Noticed Crazy Yiuf
  2012 | D:2      | Killed Crazy Yiuf
  2317 | D:3      | Reached XP level 5. HP: 37/41 MP: 7/7
  2652 | D:3      | Found a shadowy altar of Dithmenos.
  2862 | D:3      | Reached skill level 4 in Invocations
  2891 | D:3      | Killed from afar by an orc wizard

Skill      XL: |  1  2  3  4  5 |
---------------+----------------+-----
Armour         | 2 |  2.7
Axes           | 2 3 |  3.3
Invocations    | 3 4 |  4.1
Dodging        | 1 |  1.4
Fighting       | |  3.6

Action                   |  1- 3 |  4- 6 || total
-------------------------+-------+-------++-------
Melee: Hand axe          |   122 |    86 ||   208
Invok: Depart the Abyss  |     1 |       ||     1
  Use: Potion            |       |     6 ||     6
 Stab: Sleeping          |       |     1 ||     1
  Eat: Chunk             |     2 |     4 ||     6
Armor: Leather armour    |    29 |    23 ||    52
       Skin              |       |     5 ||     5
Dodge: Dodged            |    71 |    56 ||   127
